APP
BILLINGS MUSTANGS @ HELENA BREWERS
08/11/2044
 
TOP OF THE 1ST
Billings Mustangs batting - Pitching for Helena Brewers : LHP Nolan Stefanski
Pitching: LHP Nolan Stefanski
Batting: RHB Cyd Carver 0-0: Foul Ball, location: 2F
0-1: Called Strike
0-2: Ball
1-2: Strikes out swinging
Batting: RHB Nick Miller 0-0: Called Strike
0-1: Ball
1-1: DOUBLE (Line Drive, 78XD, EV 98.8 MPH)
Batting: LHB David Moore 0-0: Swinging Strike
0-1: Called Strike
0-2: Ball
1-2: Strikes out looking
Batting: RHB Hector Maldonado 0-0: Ball
1-0: Ball
2-0: Fly out, F3 (Popup, 3F, EV 70.6 MPH)
Top of the 1st over - 0 runs, 1 hit, 0 errors, 1 left on base; Billings 0 - Helena 0
BOTTOM OF THE 1ST
Helena Brewers batting - Pitching for Billings Mustangs : RHP Victor Uriegas
Pitching: RHP Victor Uriegas
Batting: RHB Nick Cummings 0-0: Ball
1-0: Ball
2-0: Ground out U3 (Groundball, 3, EV 90.0 MPH)
Batting: LHB Gabe Harvey 0-0: Ball
1-0: Foul Ball, location: 2F
1-1: Ball
2-1: DOUBLE (Flyball, 8RXD, EV 95.0 MPH)
Batting: SHB Mike Williams 0-0: Ball
Wild Pitch!
Gabe Harvey to third
1-0: Called Strike
1-1: Ground out 3-1 (Groundball, 34S, EV 84.4 MPH)
Gabe Harvey scores
Batting: RHB Skyler Goss 0-0: Ball
1-0: Called Strike
1-1: Ball
2-1: Ground out U3 (Groundball, 3L, EV 83.8 MPH)
Bottom of the 1st over - 1 run, 1 hit, 0 errors, 0 left on base; Billings 0 - Helena 1
TOP OF THE 2ND
Billings Mustangs batting - Pitching for Helena Brewers : LHP Nolan Stefanski
Batting: RHB Jay Jacobson 0-0: Called Strike
0-1: Ball
1-1: SOLO HOME RUN (Flyball, 7D, EV 94.4 MPH), Distance : 372 ft
Batting: LHB Jon Goddard 0-0: Called Strike
0-1: Swinging Strike
0-2: Ball
1-2: Strikes out swinging
Batting: RHB Jon Monteith 0-0: Swinging Strike
0-1: Ball
1-1: SOLO HOME RUN (Flyball, 78XD, EV 94.4 MPH) (Inside the Park)
Batting: RHB Yutaka Sato 0-0: Foul Ball, location: 2F
0-1: Foul Ball, location: 2F
0-2: Ball
1-2: Strikes out looking
Batting: RHB Jonathan Robies 0-0: Ball
1-0: Ball
2-0: Ground out U3 (Groundball, 34, EV 90.6 MPH)
Top of the 2nd over - 2 runs, 2 hits, 0 errors, 0 left on base; Billings 2 - Helena 1
BOTTOM OF THE 2ND
Helena Brewers batting - Pitching for Billings Mustangs : RHP Victor Uriegas
Batting: LHB Pablo Cardona 0-0: Ball
1-0: Ball
2-0: Ball
3-0: Called Strike
3-1: Swinging Strike
3-2: Strikes out swinging
Batting: SHB Robert Sayer 0-0: Called Strike
0-1: Swinging Strike
0-2: Fly out, F4 (Line Drive, 4, EV 63.8 MPH)
Batting: RHB Jonathan Sarles 0-0: Foul Ball, location: 2F
0-1: Ball
1-1: Ball
2-1: Ball
3-1: Base on Balls
Batting: RHB Ben Taylor 0-0: Ball
Jonathan Sarles steals 2nd base
1-0: SINGLE (Groundball, 6MD, EV 101.2 MPH)
Jonathan Sarles to third
Throwing error, E8
Jonathan Sarles scores
Ben Taylor to second
Batting: LHB Umar Matoub 0-0: Fly out, F9 (Flyball, 89S, EV 88.8 MPH)
Bottom of the 2nd over - 1 run, 1 hit, 1 error, 1 left on base; Billings 2 - Helena 2
TOP OF THE 3RD
Billings Mustangs batting - Pitching for Helena Brewers : LHP Nolan Stefanski
Batting: RHB Cyd Carver 0-0: Ball
1-0: SINGLE (Groundball, 56S, EV 72.5 MPH) (infield hit)
Batting: RHB Nick Miller 0-0: Ball
1-0: Called Strike
1-1: Called Strike
1-2: Ball
2-2: DOUBLE (Flyball, 89XD, EV 98.8 MPH)
Cyd Carver to third
Batting: LHB David Moore 0-0: Ball
1-0: Ball
2-0: Foul Ball, location: 2F
2-1: Foul Ball, location: 2F
2-2: Ball
Wild Pitch!
Cyd Carver scores
Nick Miller to third
3-2: Ground out 5-3 (Groundball, 56, EV 100.6 MPH)
Nick Miller scores
Batting: RHB Hector Maldonado 0-0: Ball
1-0: Ball
2-0: Called Strike
2-1: Ball
3-1: Base on Balls
Batting: RHB Jay Jacobson 0-0: Swinging Strike
0-1: Fly out, F3 (Popup, 34S, EV 75.0 MPH)
Batting: LHB Jon Goddard 0-0: Ball
1-0: Called Strike
1-1: Ball
2-1: Foul Ball, location: 2F
2-2: Ball
3-2: Base on Balls
Hector Maldonado to second
Batting: RHB Jon Monteith 0-0: Ball
1-0: Ball
2-0: Ball
3-0: Called Strike
3-1: Called Strike
3-2: Foul Ball, location: 2F
3-2: Foul Ball, location: 2F
3-2: Base on Balls
Hector Maldonado to third
Jon Goddard to second
Batting: RHB Yutaka Sato 0-0: Ball
1-0: Ball
2-0: Ball
3-0: Called Strike
3-1: Called Strike
3-2: Base on Balls
Hector Maldonado scores
Jon Goddard to third
Jon Monteith to second
Batting: RHB Jonathan Robies 0-0: Ball
1-0: Called Strike
1-1: Swinging Strike
1-2: Strikes out looking
Top of the 3rd over - 3 runs, 2 hits, 0 errors, 3 left on base; Billings 5 - Helena 2
BOTTOM OF THE 3RD
Helena Brewers batting - Pitching for Billings Mustangs : RHP Victor Uriegas
Batting: RHB Nick Cummings 0-0: Called Strike
0-1: Swinging Strike
0-2: DOUBLE (Flyball, 89XD, EV 104.4 MPH)
Batting: LHB Gabe Harvey 0-0: Ball
1-0: Ball
2-0: Ball
3-0: Base on Balls
Batting: SHB Mike Williams 0-0: Called Strike
Nick Cummings steals 3rd base
0-1: Ball
1-1: Ball
2-1: Fielders Choice at 2nd, 1-4 (Groundball, 15S, EV 63.8 MPH)
Batting: RHB Skyler Goss 0-0: Called Strike
Mike Williams steals 2nd base
0-1: Ball
1-1: Ball
2-1: Ball
3-1: Foul Ball, location: 2F
3-2: Fly out, F6 (Line Drive, 6, EV 76.9 MPH)
Lined into DP, 6-4 (Line Drive, 6, EV 75.0 MPH)
Bottom of the 3rd over - 0 runs, 1 hit, 0 errors, 1 left on base; Billings 5 - Helena 2
TOP OF THE 4TH
Billings Mustangs batting - Pitching for Helena Brewers : LHP Nolan Stefanski
Batting: RHB Cyd Carver 0-0: Called Strike
0-1: Ball
1-1: Ball
2-1: Foul Ball, location: 2F
2-2: SINGLE (Groundball, 56D, EV 96.2 MPH)
Batting: RHB Nick Miller 0-0: Called Strike
0-1: Ball
Cyd Carver is caught stealing 2nd base 2-4
1-1: SINGLE (Groundball, P, EV 81.9 MPH) (infield hit)
Batting: LHB David Moore 0-0: Called Strike
Nick Miller steals 2nd base (no throw)
0-1: Fly out, F5 (Line Drive, 5, EV 64.4 MPH)
Batting: RHB Hector Maldonado 0-0: SINGLE (Groundball, 6S, EV 68.8 MPH) (infield hit)
Nick Miller to third
Batting: RHB Jay Jacobson 0-0: Ball
1-0: Swinging Strike
1-1: Foul Ball, location: 2F
1-2: Ball
2-2: Ball
Passed Ball!
Nick Miller scores
Hector Maldonado to second
3-2: 2-RUN HOME RUN (Flyball, 7D, EV 96.2 MPH), Distance : 369 ft
Pitching: RHP Dustin Pryor
Batting: LHB Jon Goddard 0-0: Called Strike
0-1: Ball
1-1: Foul Ball, location: 2F
1-2: Foul Ball, location: 2F
1-2: SINGLE (Line Drive, 6M, EV 95.0 MPH)
Batting: RHB Jon Monteith 0-0: Ground out 6-3 (Groundball, 56, EV 113.8 MPH)
Top of the 4th over - 3 runs, 5 hits, 0 errors, 1 left on base; Billings 8 - Helena 2
BOTTOM OF THE 4TH
Helena Brewers batting - Pitching for Billings Mustangs : RHP Victor Uriegas
Batting: LHB Pablo Cardona 0-0: SINGLE (Groundball, 4, EV 93.8 MPH)
Batting: SHB Robert Sayer 0-0: Ball
1-0: Called Strike
1-1: Ball
Pablo Cardona steals 2nd base
2-1: Fly out, F8 (Flyball, 8LS, EV 95.6 MPH)
Batting: RHB Jonathan Sarles 0-0: Foul Ball, location: 2F
0-1: Ball
1-1: Ball
2-1: Ball
3-1: Base on Balls
Batting: RHB Ben Taylor 0-0: Fly out, F8 (Flyball, 8RS, EV 72.5 MPH)
Batting: LHB Umar Matoub 0-0: Foul Ball, location: 2F
0-1: Ball
1-1: Swinging Strike
1-2: Foul Ball, location: 2F
1-2: Foul Ball, location: 2F
1-2: Foul Ball, location: 2F
1-2: Ball
2-2: Ball
3-2: Hit by Pitch
Pablo Cardona to third
Jonathan Sarles to second
Batting: RHB Nick Cummings 0-0: Called Strike
Passed Ball!
Pablo Cardona scores
Jonathan Sarles to third
Umar Matoub to second
0-1: Ball
1-1: Fly out, F9 (Flyball, 9LS, EV 81.2 MPH)
Bottom of the 4th over - 1 run, 1 hit, 0 errors, 2 left on base; Billings 8 - Helena 3
TOP OF THE 5TH
Billings Mustangs batting - Pitching for Helena Brewers : RHP Dustin Pryor
Batting: RHB Yutaka Sato 0-0: Foul Ball, location: 2F
0-1: Ball
1-1: Ball
2-1: Ground out 5-3 (Groundball, 5L, EV 90.6 MPH)
Batting: RHB Jonathan Robies 0-0: Called Strike
0-1: Ground out 3-1 (Groundball, 34, EV 78.1 MPH)
Batting: RHB Cyd Carver 0-0: Swinging Strike
0-1: Ball
1-1: Ball
2-1: Ground out 5-3 (Groundball, 56, EV 81.9 MPH)
Top of the 5th over - 0 runs, 0 hits, 0 errors, 0 left on base; Billings 8 - Helena 3
BOTTOM OF THE 5TH
Helena Brewers batting - Pitching for Billings Mustangs : RHP Victor Uriegas
Batting: LHB Gabe Harvey 0-0: DOUBLE (Line Drive, 78D, EV 106.2 MPH)
Batting: SHB Mike Williams 0-0: Ball
1-0: Called Strike
1-1: Ball
2-1: Called Strike
2-2: Strikes out swinging
Batting: RHB Skyler Goss 0-0: Ball
1-0: SINGLE (Groundball, 56S, EV 96.9 MPH)
Gabe Harvey to third
Runner from 3rd tries for Home, SAFE, throw by LF to home
Batting: LHB Pablo Cardona 0-0: Foul Ball, location: 2F
0-1: Ball
Skyler Goss steals 2nd, throwing error, E2
Skyler Goss to third
1-1: Swinging Strike
1-2: Foul Ball, location: 2F
1-2: Strikes out looking
Batting: SHB Robert Sayer 0-0: Called Strike
0-1: Ball
1-1: Swinging Strike
1-2: Ball
2-2: Ball
3-2: Base on Balls
Batting: RHB Jonathan Sarles 0-0: Called Strike
0-1: Called Strike
0-2: Ball
1-2: Ground out 4-3 (Groundball, 4, EV 79.4 MPH)
Bottom of the 5th over - 1 run, 2 hits, 1 error, 2 left on base; Billings 8 - Helena 4
TOP OF THE 6TH
Billings Mustangs batting - Pitching for Helena Brewers : RHP Dustin Pryor
Batting: RHB Nick Miller 0-0: Ball
1-0: Ball
2-0: Fly out, F8 (Flyball, 89D, EV 78.8 MPH)
Batting: LHB David Moore 0-0: Ball
1-0: Ball
2-0: Ball
3-0: Called Strike
3-1: Base on Balls
Batting: RHB Hector Maldonado 0-0: Foul Ball, location: 2F
0-1: SINGLE (Line Drive, 9LS, EV 100.6 MPH)
David Moore to second
Batting: RHB Jay Jacobson 0-0: Ball
1-0: Called Strike
1-1: Called Strike
1-2: Ball
2-2: Foul Ball, location: 2F
2-2: Fielders Choice at 2nd, 3-6 (Groundball, 3, EV 76.9 MPH)
David Moore to third
Batting: LHB Jon Goddard 0-0: Foul Ball, location: 2F
0-1: SINGLE (Groundball, 6MD, EV 100.0 MPH)
David Moore scores
Jay Jacobson to second
Batting: RHB Jon Monteith 0-0: Called Strike
0-1: Ball
1-1: 3-RUN HOME RUN (Flyball, 9D, EV 95.0 MPH), Distance : 360 ft
Pitching: RHP Dave Hotaling
Batting: RHB Yutaka Sato 0-0: Ball
1-0: Called Strike
1-1: Ball
2-1: Called Strike
2-2: Foul Ball, location: 2F
2-2: Strikes out looking
Top of the 6th over - 4 runs, 3 hits, 0 errors, 0 left on base; Billings 12 - Helena 4
BOTTOM OF THE 6TH
Helena Brewers batting - Pitching for Billings Mustangs : RHP Victor Uriegas
Pitching: RHP Jaime Kijowski
Batting: RHB Ben Taylor 0-0: Ball
1-0: Ball
2-0: Ball
3-0: Called Strike
3-1: Called Strike
3-2: Base on Balls
Batting: LHB Umar Matoub 0-0: Ball
1-0: Ball
Wild Pitch!
Ben Taylor to second
2-0: Ball
3-0: Base on Balls
Batting: RHB Nick Cummings 0-0: Ball
Passed Ball!
Ben Taylor to third
Umar Matoub to second
1-0: Called Strike
1-1: Ball
2-1: Called Strike
2-2: Strikes out swinging
Batting: LHB Gabe Harvey 0-0: Called Strike
0-1: Swinging Strike
0-2: Strikes out swinging
Batting: SHB Mike Williams 0-0: Ball
1-0: SINGLE (Groundball, 4MD, EV 103.8 MPH)
Ben Taylor scores
Umar Matoub to third
Runner from 3rd tries for Home, SAFE, throw by CF to home
Batting: RHB Skyler Goss 0-0: Ball
Mike Williams steals 2nd base
1-0: Ball
2-0: SINGLE (Line Drive, 7LM, EV 104.4 MPH)
Mike Williams to third
Runner from 3rd tries for Home, SAFE, throw by LF to home
Batting: LHB Pablo Cardona 0-0: Called Strike
0-1: Called Strike
0-2: Foul Ball, location: 2F
0-2: Ball
1-2: Ball
2-2: Ball
3-2: DOUBLE (Line Drive, 9LS, EV 90.6 MPH)
Skyler Goss to third
Skyler Goss scores
Pitching: RHP Juan Hernandez
Batting: SHB Robert Sayer 0-0: Foul Ball, location: 2F
0-1: Ball
1-1: Foul Ball, location: 2F
1-2: Foul Ball, location: 2F
1-2: Foul Ball, location: 2F
1-2: DOUBLE (Line Drive, 78D, EV 100.6 MPH)
Pablo Cardona scores
Batting: RHB Jonathan Sarles 0-0: Fly out, F9 (Flyball, 9S, EV 85.6 MPH)
Bottom of the 6th over - 5 runs, 4 hits, 0 errors, 1 left on base; Billings 12 - Helena 9
TOP OF THE 7TH
Billings Mustangs batting - Pitching for Helena Brewers : RHP Dave Hotaling
Pitching: LHP Willis Escobedo
Batting: RHB Jonathan Robies 0-0: Swinging Strike
0-1: Ball
1-1: Ball
2-1: Foul Ball, location: 2F
2-2: Foul Ball, location: 2F
2-2: Ball
3-2: Ground out 5-3 (Groundball, 5, EV 89.4 MPH)
Batting: RHB Cyd Carver 0-0: Called Strike
0-1: Fly out, F9 (Flyball, 9LS, EV 81.2 MPH)
Batting: RHB Nick Miller 0-0: Called Strike
0-1: Foul Ball, location: 2F
0-2: Ground out 1-3 (Groundball, 13S, EV 65.6 MPH)
Top of the 7th over - 0 runs, 0 hits, 0 errors, 0 left on base; Billings 12 - Helena 9
BOTTOM OF THE 7TH
Helena Brewers batting - Pitching for Billings Mustangs : RHP Juan Hernandez
Batting: RHB Ben Taylor 0-0: Ground out 6-3 (Groundball, 6, EV 78.1 MPH)
Batting: LHB Umar Matoub 0-0: Ball
1-0: Ball
2-0: Ball
3-0: Base on Balls
Batting: RHB Nick Cummings 0-0: Foul Ball, location: 2F
0-1: Ball
1-1: Ball
2-1: Called Strike
2-2: Strikes out swinging
Batting: LHB Gabe Harvey 0-0: SINGLE (Groundball, 34D, EV 97.5 MPH)
Umar Matoub to second
Runner from 2nd tries for 3rd, SAFE, throw by RF made to third
Batting: SHB Mike Williams 0-0: Foul Ball, location: 2F
0-1: Ball
1-1: SINGLE (Groundball, 6S, EV 67.5 MPH) (infield hit)
Umar Matoub scores
Gabe Harvey to second
Batting: RHB Skyler Goss 0-0: Called Strike
0-1: Foul Ball, location: 2F
0-2: Fly out, F7 (Flyball, 7LM, EV 101.2 MPH)
Bottom of the 7th over - 1 run, 2 hits, 0 errors, 2 left on base; Billings 12 - Helena 10
TOP OF THE 8TH
Billings Mustangs batting - Pitching for Helena Brewers : LHP Willis Escobedo
Pitching: RHP Ernie Borden
Batting: LHB David Moore 0-0: Ball
1-0: Ball
2-0: Ball
3-0: Base on Balls
Batting: RHB Hector Maldonado 0-0: Called Strike
0-1: Ball
1-1: Ball
2-1: Foul Ball, location: 2F
2-2: Ball
3-2: Grounds into double play, 4-6-3 (Groundball, 4, EV 107.5 MPH)
Batting: RHB Jay Jacobson 0-0: Ball
1-0: Ball
2-0: Foul Ball, location: 2F
2-1: Called Strike
2-2: Strikes out looking
Top of the 8th over - 0 runs, 0 hits, 0 errors, 0 left on base; Billings 12 - Helena 10
BOTTOM OF THE 8TH
Helena Brewers batting - Pitching for Billings Mustangs : RHP Juan Hernandez
Pitching: LHP Paul Fuller
Batting: LHB Pablo Cardona 0-0: Foul Ball, location: 2F
0-1: Foul Ball, location: 2F
0-2: Ball
1-2: Ball
2-2: Foul Ball, location: 2F
2-2: Fly out, F6 (Popup, 6D, EV 52.5 MPH)
Batting: SHB Robert Sayer 0-0: Ground out 6-3 (Groundball, P, EV 87.5 MPH)
Batting: RHB Jonathan Sarles 0-0: Called Strike
0-1: Ball
1-1: Foul Ball, location: 2F
1-2: Strikes out swinging
Bottom of the 8th over - 0 runs, 0 hits, 0 errors, 0 left on base; Billings 12 - Helena 10
TOP OF THE 9TH
Billings Mustangs batting - Pitching for Helena Brewers : RHP Ernie Borden
Pitching: RHP Allen Gans
Batting: LHB Jon Goddard 0-0: Ball
1-0: Ball
2-0: Foul Ball, location: 2F
2-1: Ball
3-1: Called Strike
3-2: Base on Balls
Batting: RHB Jon Monteith 0-0: Grounds into double play, 4-6-3 (Groundball, 4, EV 82.5 MPH)
Batting: RHB Yutaka Sato 0-0: Foul Ball, location: 2F
0-1: Called Strike
0-2: Ball
1-2: Strikes out swinging
Top of the 9th over - 0 runs, 0 hits, 0 errors, 0 left on base; Billings 12 - Helena 10
BOTTOM OF THE 9TH
Helena Brewers batting - Pitching for Billings Mustangs : LHP Paul Fuller
Pitching: RHP Tim Beck
Batting: RHB Ben Taylor 0-0: Called Strike
0-1: Ball
1-1: Called Strike
1-2: Ball
2-2: DOUBLE (Line Drive, 89D, EV 103.1 MPH) - OUT at third base trying to stretch hit.
Batting: LHB Umar Matoub 0-0: DOUBLE (Line Drive, 7LD, EV 105.6 MPH)
Batting: RHB Nick Cummings 0-0: Ball
1-0: Called Strike
1-1: Swinging Strike
1-2: DOUBLE (Flyball, 8RD, EV 98.1 MPH)
Umar Matoub scores
Batting: LHB Gabe Harvey 0-0: Foul Ball, location: 2F
0-1: Foul Ball, location: 2F
0-2: Strikes out swinging
Batting: SHB Mike Williams 0-0: Ball
1-0: Foul Ball, location: 2F
1-1: Foul Ball, location: 2F
1-2: Ball
2-2: Ball
3-2: Fly out, F9 (Flyball, 9LS, EV 86.9 MPH)
Bottom of the 9th over - 1 run, 3 hits, 0 errors, 1 left on base; Billings 12 - Helena 11
Thursday, March 31st , 2022 - OOTP Baseball 22.12 Build 89